 Dungeon Crawl Stone Soup version 0.21-a0-496-g696f58f (webtiles) character file.

105454 theanonym the Warrior (level 16, 24/155 HPs)
             Began as a Hill Orc Fighter on Nov 23, 2017.
             Was the Champion of Beogh.
             Quit the game on level 1 of the Spider Nest.
             The game lasted 01:36:43 (32390 turns).

theanonym the Warrior (Hill Orc Fighter)           Turns: 32390, Time: 01:36:44

Health: 24/155     AC: 23    Str: 34    XL:     16   Next: 41%
Magic:  22/23      EV:  9    Int:  8    God:    Beogh [******]
Gold:   1870       SH:  0    Dex: 15    Spells: 8/15 levels left

rFire    . . .     SeeInvis .   a - +1 war axe
rCold    . . .     Gourm    .   z - +1 shield
rNeg     . . .     Faith    .   X - +1 plate armour
rPois    +         Spirit   .   l - +0 helmet
rElec    .         Reflect  +   (no cloak)
rCorr    +         Harm     .   i - +1 pair of gloves {Str+3}
MR       +....                  w - +0 pair of boots
Stlth    ..........             N - brooch of Shielding {Reflect SH+8}
HPRegen  0.35/turn              S - ring of poison resistance {rPois}
MPRegen  0.18/turn              x - ring of resist corrosion

@: mighty, agile, berserk cooldown, held, slowed, very slow
A: walk on water
a: Smiting, Recall Orcish Followers, Give Item to Named Follower, Resurrection,
Renounce Religion


   Skills:
 + Level 17.1 Fighting
 - Level 16.0 Axes
 + Level 14.1 Armour
 + Level 7.2 Dodging
 + Level 14.2 Shields
 - Level 10.0 Invocations


You had 8 spell levels left.
You knew the following spells:

 Your Spells              Type           Power        Failure   Level  Hunger
a - Blink                 Tloc           N/A          98%         2    ###....
b - Silence               Hex/Air        #.........   100%        5    ######.

Skill      XL: |  1  2  3  4  5  6  7  8  9 10 11 12 13 14 15 16 |
---------------+-------------------------------------------------+-----
Axes           | 3 4 7 8 9 11 12 14 16 | 16.0
Fighting       | 4 6 8 10 11 13 14 15 16 17 | 17.1
Invocations    | 4 5 7 9 10 | 10.0
Dodging        | 1 4 5 6 7 |  7.2
Shields        | 4 6 9 11 12 13 14 | 14.2
Armour         | 4 6 9 11 12 13 14 | 14.1

Action                   |  1- 3 |  4- 6 |  7- 9 | 10-12 | 13-15 | 16-18 || total
-------------------------+-------+-------+-------+-------+-------+-------++-------
Melee: War axe           |    74 |   158 |   449 |   648 |  1007 |   171 ||  2507
Throw: Tomahawk          |       |       |       |     2 |     4 |       ||     6
Invok: Convert to Beogh  |       |       |     1 |       |       |       ||     1
       Recall Orcish Fol |       |       |       |     6 |    37 |     7 ||    50
       Give Item to Name |       |       |       |     1 |     4 |     2 ||     7
       Smiting           |       |       |       |       |     8 |     1 ||     9
       Resurrection      |       |       |       |       |     1 |       ||     1
       Stop Recall       |       |       |       |       |     4 |     7 ||    11
Evoke: Wand              |       |       |     6 |    12 |     9 |     1 ||    28
  Use: Potion            |     3 |       |     5 |       |     8 |     7 ||    23
       Scroll            |       |       |    10 |     9 |    11 |     2 ||    32
 Stab: Paralysed         |       |       |     5 |     2 |       |       ||     7
       Distracted        |       |       |       |     6 |    13 |     1 ||    20
       Confused          |       |       |       |     1 |       |     1 ||     2
  Eat: Chunk             |       |     5 |    15 |     7 |    20 |     1 ||    48
       Fruit             |       |       |     1 |     6 |       |       ||     7
       Bread ration      |       |       |     1 |       |     4 |     1 ||     6
       Meat ration       |       |       |       |     3 |     2 |     1 ||     6
Armor: Scale mail        |    36 |    56 |    11 |       |       |       ||   103
       Chain mail        |       |       |   190 |   278 |    61 |       ||   529
       Skin              |       |       |       |       |    35 |       ||    35
       Plate armour      |       |       |       |       |   166 |    63 ||   229
Dodge: Dodged            |    19 |    40 |    76 |    82 |   174 |    58 ||   449
Block: Shield            |    47 |    82 |   184 |   372 |   711 |   213 ||  1609
       Reflection        |       |       |       |       |    51 |     1 ||    52

Inventory:

Hand Weapons
 a - a +1 war axe (weapon)
 k - a +0 glaive
   (You found it on level 3 of the Swamp)
 s - a +0 quarterstaff of draining
   (You took it off a spriggan druid on level 3 of the Swamp)
 W - a +0 longbow of flaming
   (You found it in a volcano)
Missiles
 E - 22 tomahawks (quivered)
Armour
 i - a +1 pair of gloves of strength (worn)
   (You bought it in a shop on level 8 of the Dungeon)
 l - a +0 helmet (worn)
   (You took it off Robin on level 3 of the Dungeon)
 w - a +0 pair of boots (worn)
   (You found it on level 8 of the Dungeon)
 z - a +1 shield (worn)
 X - a +1 plate armour (worn)
   (You found it on level 1 of the Spider Nest)
Jewellery
 r - an uncursed amulet of harm {unknown}
   (You found it on level 1 of the Spider Nest)
 x - a ring of resist corrosion (right hand)
   (You found it on level 9 of the Dungeon)
 C - an uncursed amulet of harm {unknown}
   (You found it on level 2 of the Swamp)
 L - the macabre finger necklace {rN+}
   (You found it on level 1 of the Lair of Beasts)

   [amulet of nothing]

   It protects you from negative energy.
 N - the brooch of Shielding (around neck) {Reflect SH+8}
   (You found it on level 5 of the Lair of Beasts)

   [amulet of reflection]

   It shields you and reflects attacks.
   It affects your SH (+8).
 Q - a +3 ring of dexterity
   (You took it off a spriggan on level 1 of the Swamp)
 S - a ring of poison resistance (left hand) {rPois}
   (You found it on level 6 of the Lair of Beasts)
Wands
 d - a wand of digging (11)
   (You found it on level 13 of the Dungeon)
 g - a wand of iceblast (5)
   (You found it on level 13 of the Dungeon)
 j - a wand of paralysis (45)
   (You found it on level 7 of the Dungeon)
 v - a wand of acid (27)
   (You found it on level 9 of the Dungeon)
Scrolls
 b - 2 scrolls of blinking
 f - 4 scrolls of fog {!r}
 h - a scroll of silence {unknown}
 t - 7 scrolls of teleportation {!r}
 y - a scroll of magic mapping {!r}
 B - 2 scrolls of summoning
 G - a scroll of remove curse
 I - 2 scrolls of fear {!r}
 J - 4 scrolls of enchant weapon
 O - a scroll of vulnerability {unknown}
 T - 3 scrolls of enchant armour
Potions
 m - 5 potions of mutation
 p - a potion of lignification
 q - 4 potions of heal wounds
 u - 12 potions of curing
 A - 4 potions of flight
 F - 2 potions of ambrosia
 H - a potion of resistance
 R - 2 potions of haste
 V - 2 potions of invisibility
Comestibles
 e - 5 bread rations
 n - 12 royal jellies
 P - a chunk of flesh

Dungeon Overview and Level Annotations

Branches:
Dungeon (15/15)            Temple (0/1) D:4            Lair (6/6) D:11
  Swamp (4/4) Lair:4       Spider (1/4) Lair:2        Slime (0/5) Lair:6
    Orc (2/2) D:10            Elf (0/3) Orc:2        Vaults (0/5) D:14
 Depths (0/5) D:15

Altars:
Cheibriados
Dithmenos
Elyvilon
Fedhas
Makhleb
Nemelex Xobeh
Qazlal
Uskayaw
Vehumet
Wu Jian
Xom
Yredelemnul
The Shining One
Beogh
Lugonu

Shops:
D:7 *   D:8 [   D:14 [   Orc:2 !*

Annotations:
D:4 1 exclusion
D:7 1 transporter
Orc:2 exclusion: 2 doors


You were on level 1 of the Spider Nest.
You worshipped Beogh.
Beogh was exalted by your worship.
You were not hungry.

You visited 5 branches of the dungeon, and saw 28 of its levels.
You also visited: Volcano.

You collected 2511 gold pieces.
You spent 641 gold pieces at shops.


Message History

You closely miss the demonic crawler.
The demonic crawler is engulfed in blazing flames.
You block the demonic crawler's attack. x2
The demonic crawler closely misses you.
You barely miss the demonic crawler.
Something pounces on Koronagh!
Something bites Koronagh.
Koronagh hits the demonic crawler from afar with a halberd of freezing!!!
Koronagh freezes the demonic crawler.
The demonic crawler dies!
Beogh accepts your kill.
You block the wolf spider's attack. x2; Something pounces on Koronagh!
Something bites Koronagh.
You feel a strong urge to attack something.
You are no longer berserk.
You are exhausted.
You feel yourself slow down.
Something pounces on Koronagh.
Something closely misses Koronagh.
Koronagh hits the wolf spider from afar with a halberd of freezing!!
Koronagh freezes the wolf spider!
Something hits the wolf spider!
The wolf spider dies!
Beogh accepts your kill.
The redback is engulfed in noxious fumes.
You see here a scimitar of flaming.
You now have 31/155 hp.
Koronagh no longer looks unusually strong.
The jumping spider leaps! x2
The orb spider pulsates with a strange energy.
An orb spider comes into view.
You see here an entropy weaver corpse.
You swap places.
The orb spider pulsates with a strange energy.
You begin recalling your allies.
Your orc is recalled. x4
The redback bites itself but does no damage.
The jumping spider leaps!
You now have 21/23 mp.
You stop recalling your allies.
A wolf spider comes into view.
You swap places.
A torpor snail comes into view.
Your orc is no longer moving slowly.
The redback seems less confused.
The redback closely misses your orc.
Things that are here:
a hand axe; an enchanted flail Koronagh is no longer moving slowly.
Something bites your orc!
Your orc dies!
The jumping spider leaps!
Your orcs go into a battle-frenzy!
Your orc throws a tomahawk of returning.
The tomahawk of returning misses the wolf spider.
The tomahawk of returning hits the redback.
Your orc hits the redback with a mace! The wolf spider closely misses you.
You block the wolf spider's attack. The jumping spider closely misses you.
You block the jumping spider's attack.
Koronagh closely misses the redback.
Things that are here:
a jumping spider corpse x2
You slash the wolf spider! You slash the jumping spider!
The redback bites something.
The wolf spider hits Koronagh!
The wolf spider bites Koronagh but does no damage.
You block the wolf spider's attack. The wolf spider misses you.
The jumping spider pounces on you.
* * * LOW HITPOINT WARNING * * *
You are caught in a web!
The jumping spider bites you but does no damage.
Something hits the redback!
Your orc throws a tomahawk of returning.
The tomahawk of returning barely misses the wolf spider.
The tomahawk of returning hits the redback.
The redback bites something!
The redback poisons something!
The wolf spider hits Koronagh.
The wolf spider bites Koronagh.
Koronagh looks as sick as possible!
The wolf spider poisons Koronagh!
You take 1 damage, and have 33/155 hp.
You struggle to detach yourself from the web.
Beogh accepts your kill.
You feel a bit more experienced.
The wolf spider hits you but does no damage.
The wolf spider bites you but does no damage.
The jumping spider leaps!
The orb spider closely misses your orc.
The redback bites something.
The redback poisons something!
The wolf spider hits Koronagh.
The wolf spider completely misses Koronagh.
Koronagh hits the wolf spider with a halberd of freezing!!!
Koronagh freezes the wolf spider.
The wolf spider hits you but does no damage.
The wolf spider barely misses you.
Your orc hits the wolf spider but does no damage.
The orb spider bites your orc.
The redback bites something.
Your orc hits the orb spider with a dagger of draining.
The wolf spider hits Koronagh.
The wolf spider bites Koronagh!
Koronagh dies!
The wolf spider hits you!
* * * LOW HITPOINT WARNING * * *
The wolf spider bites you but does no damage.
Something hits the redback!!
The redback dies!
Beogh accepts your kill.
Beogh blesses a follower with divine balms and healing.
You take 9 damage, and have 24/155 hp.

#.. #..# .#...[# .
..#.#.##..w#.. #
.#.##..#....#.#.#. .#
........#.#.......#
..###. ...#..#.#)#.#.#
#.... .#...?ss(#....#
..^. #..#.#oo)o.s#..##
.#†# #.##....#o##..#....
##.###......#...@##..# #
....^.##...#..#.§s.#..#
#.#.#....#..#.s.#..#....
†##.#..#...#..#....# .#..
#....#...#..##.)##.# #...
..#......#.....#...#
#.#..#.#..#.##^..#.# .#.
))...#..#.....#.##.##...#
)(...#..#.#.##.##.....#


You could see 2 wolf spiders, an orb spider, a jumping spider and 3 friendly
orcs.

Notes
Turn   | Place    | Note
-------+----------+-------------------------------------------
     0 | D:1      | theanonym the Hill Orc Fighter began the quest for the Orb.
     0 | D:1      | Reached XP level 1. HP: 19/19 MP: 1/1
   111 | D:1      | Reached skill level 3 in Axes
   189 | D:1      | Reached XP level 2. HP: 26/26 MP: 2/2
   329 | D:1      | Reached skill level 4 in Axes
   516 | D:1      | Reached XP level 3. HP: 28/31 MP: 3/3
   807 | D:2      | Noticed Sigmund
   811 | D:2      | HP: 12/31 [Sigmund/scythe of venom (6)]
   818 | D:2      | Killed Sigmund
   818 | D:2      | Reached skill level 7 in Axes
   818 | D:2      | Reached XP level 4. HP: 21/39 MP: 4/4
   818 | D:2      | Reached XP level 5. HP: 24/45 MP: 5/5
   818 | D:2      | HP: 22/45 [poisoned by Sigmund]
   823 | D:2      | HP: 18/45 [poisoned by Sigmund]
   829 | D:2      | HP: 15/45 [poisoned by Sigmund]
   836 | D:2      | HP: 13/45 [poisoned by Sigmund]
   843 | D:2      | HP: 12/45 [poisoned by Sigmund]
   851 | D:2      | HP: 11/45 [poisoned by Sigmund]
   944 | D:2      | HP: 18/45 [worm (5)]
  1611 | D:2      | Reached skill level 8 in Axes
  1611 | D:2      | Reached XP level 6. HP: 30/51 MP: 6/6
  1967 | D:3      | Noticed MirrMurr's ghost (amateur DrTm)
  1977 | D:3      | Killed MirrMurr's ghost
  1977 | D:3      | Reached skill level 9 in Axes
  2098 | D:3      | Noticed Robin
  2110 | D:3      | Killed Robin
  2215 | D:3      | Reached XP level 7. HP: 57/57 MP: 7/7
  2352 | D:3      | Noticed Ijyb
  2380 | D:3      | Killed Ijyb
  2499 | D:3      | Reached skill level 10 in Axes
  3005 | D:4      | Reached skill level 4 in Fighting
  3181 | D:4      | Found a basalt altar of Yredelemnul.
  3183 | D:4      | Found a glowing golden altar of the Shining One.
  3192 | D:4      | Found a snail-covered altar of Cheibriados.
  3192 | D:4      | Found an ornate altar of the Wu Jian Council.
  3192 | D:4      | Found a burning altar of Makhleb.
  3192 | D:4      | Found a white marble altar of Elyvilon.
  3193 | D:4      | Found a shimmering altar of Xom.
  3352 | D:4      | Noticed Grinder
  3363 | D:4      | Killed Grinder
  3363 | D:4      | Reached skill level 11 in Axes
  3363 | D:4      | Reached XP level 8. HP: 58/67 MP: 6/8
  3452 | D:4      | Found a staircase to the Ecumenical Temple.
  3530 | D:5      | Entered Level 5 of the Dungeon
  3561 | D:5      | Reached skill level 5 in Fighting
  3592 | D:5      | Became a worshipper of Beogh the Brigand
  4369 | D:6      | Reached skill level 12 in Axes
  4416 | D:6      | Reached skill level 6 in Fighting
  4772 | D:6      | Found a shadowy altar of Dithmenos.
  4913 | D:6      | Found a shadowy altar of Dithmenos.
  5079 | D:7      | Reached * piety under Beogh
  5117 | D:7      | Reached XP level 9. HP: 61/78 MP: 7/9
  5131 | D:7      | HP: 39/78 [poisoned by a killer bee]
  5136 | D:7      | HP: 25/78 [poisoned by a killer bee]
  5145 | D:7      | HP: 39/78 [poisoned by a killer bee]
  5151 | D:7      | HP: 33/78 [poisoned by a killer bee]
  5153 | D:7      | Reached skill level 13 in Axes
  5156 | D:7      | HP: 27/78 [poisoned by a killer bee]
  5160 | D:7      | Reached skill level 7 in Fighting
  5164 | D:7      | HP: 23/79 [poisoned by a killer bee]
  5172 | D:7      | HP: 21/79 [poisoned by a killer bee]
  5438 | D:7      | Found a stormy altar of Qazlal.
  5439 | D:7      | Found a radiant altar of Vehumet.
  5607 | D:7      | Found a blossoming altar of Fedhas.
  5720 | D:7      | Found Hoygreg's General Store.
  5726 | D:7      | Found a transporter.
  5903 | D:7      | Bought a potion of heal wounds for 50 gold pieces
  5903 | D:7      | Bought 2 scrolls of identify for 40 gold pieces
  5906 | D:7      | Found a corrupted altar of Lugonu.
  6086 | D:8      | Found Tieroucw's Antique Armour Shop.
  6185 | D:8      | Noticed Pikel
  6189 | D:8      | Reached skill level 8 in Fighting
  6189 | D:8      | Reached skill level 14 in Axes
  6198 | D:8      | Killed Pikel
  6218 | D:8      | Noticed a troll
  6227 | D:8      | Killed a troll
  6434 | D:8      | Reached ** piety under Beogh
  6435 | D:8      | HP: 40/82 [orc priest/divine providence (10)]
  6667 | D:8      | Reached XP level 10. HP: 90/90 MP: 10/10
  6680 | D:8      | Reached skill level 15 in Axes
  6682 | D:8      | Bought a pair of runed gloves for 247 gold pieces
  6790 | D:8      | Reached skill level 9 in Fighting
  7183 | D:8      | Reached skill level 1 in Invocations
  7416 | D:9      | Reached skill level 2 in Invocations
  7635 | D:9      | HP: 43/91 [poisoned by a kobold]
  7640 | D:9      | HP: 36/91 [poisoned by a kobold]
  7645 | D:9      | HP: 30/91 [poisoned by a kobold]
  7650 | D:9      | HP: 27/91 [poisoned by a kobold]
  7656 | D:9      | HP: 25/91 [poisoned by a kobold]
  7662 | D:9      | HP: 23/91 [poisoned by a kobold]
  7670 | D:9      | HP: 23/91 [poisoned by a kobold]
  7678 | D:9      | HP: 23/91 [poisoned by a kobold]
  8188 | D:10     | Entered Level 10 of the Dungeon
  8351 | D:10     | Reached *** piety under Beogh
  8398 | D:10     | Reached skill level 3 in Invocations
  8532 | D:10     | Reached skill level 16 in Axes
  8596 | D:10     | Found a staircase to the Orcish Mines.
  8637 | D:10     | Reached skill level 10 in Fighting
  8637 | D:10     | Reached skill level 4 in Invocations
  8643 | D:10     | Reached skill level 1 in Dodging
  8780 | D:10     | Reached skill level 4 in Shields
  8888 | D:10     | Reached skill level 4 in Armour
  9139 | D:10     | Found a sparkling altar of Nemelex Xobeh.
  9151 | D:11     | Noticed a green ugly thing
  9159 | D:11     | Killed a green ugly thing
  9159 | D:11     | Reached XP level 11. HP: 85/100 MP: 12/14
  9535 | D:11     | Reached skill level 5 in Invocations
  9643 | D:11     | Reached skill level 2 in Dodging
  9718 | D:11     | Found a sparkling altar of Nemelex Xobeh.
  9732 | D:11     | Found a staircase to the Lair.
  9750 | D:11     | Noticed a cyclops
  9761 | D:11     | HP: 32/101 [cyclops (19)]
  9953 | D:11     | HP: 48/101 [cyclops (20)]
  9954 | D:11     | Killed a cyclops
 10204 | D:11     | Gained Bogmar as an ally
 10585 | D:12     | Noticed a tengu warrior
 10595 | D:12     | Killed a tengu warrior
 10595 | D:12     | Reached skill level 5 in Armour
 10595 | D:12     | Reached skill level 5 in Shields
 10621 | D:12     | Noticed a deep elf mage
 10660 | D:12     | Killed a deep elf mage
 10849 | Lair:1   | Entered Level 1 of the Lair of Beasts
 10894 | Lair:1   | Reached skill level 3 in Dodging
 11068 | Lair:1   | Reached **** piety under Beogh
 11068 | Lair:1   | Reached skill level 11 in Fighting
 11324 | Lair:1   | Reached skill level 6 in Shields
 11330 | Lair:1   | Reached skill level 6 in Armour
 11495 | Lair:1   | Found the macabre finger necklace {rN+}
 11694 | Lair:1   | Reached skill level 4 in Dodging
 12351 | Lair:2   | Reached XP level 12. HP: 68/110 MP: 8/15
 12554 | Lair:2   | Reached skill level 7 in Armour
 12554 | Lair:2   | Reached skill level 7 in Shields
 12628 | Lair:2   | Found a hide-covered altar of Uskayaw.
 12645 | Lair:2   | Noticed a death yak
 12652 | Lair:2   | Killed a death yak
 12785 | Lair:2   | Found a hole to the Spider Nest.
 12836 | Lair:2   | Reached skill level 12 in Fighting
 12838 | Lair:2   | Reached skill level 5 in Dodging
 12854 | Lair:2   | HP: 54/112 [wolf (5)]
 12886 | Lair:2   | HP: 54/112 [spiny frog (7)]
 12894 | Lair:2   | Noticed a death yak
 12900 | Lair:2   | HP: 44/112 [death yak (7)]
 12902 | Lair:2   | Killed a death yak
 13216 | Lair:2   | Noticed Sonja
 13224 | Lair:2   | Killed Sonja
 13224 | Lair:2   | Reached skill level 8 in Armour
 13224 | Lair:2   | Reached skill level 8 in Shields
 13921 | Lair:3   | HP: 54/113 [steam dragon] (4)]
 13929 | Lair:3   | HP: 45/113 [steam dragon/ball of steam (8)]
 13933 | Lair:3   | Reached ***** piety under Beogh
 14463 | Lair:4   | Found a dark tunnel.
 14470 | Volcano  | Entered a volcano
 14490 | Volcano  | Reached skill level 9 in Armour
 14490 | Volcano  | Reached skill level 9 in Shields
 14743 | Volcano  | Reached skill level 13 in Fighting
 15011 | Volcano  | Reached XP level 13. HP: 122/122 MP: 17/17
 15019 | Volcano  | Reached skill level 6 in Invocations
 15061 | Volcano  | HP: 88/183 [red ugly thing (14)]
 15073 | Volcano  | HP: 63/183 [red ugly thing (1)]
 15105 | Volcano  | HP: 45/183 [smoke demon/ball of steam (14)]
 15112 | Volcano  | HP: 73/183 [something (1)]
 15376 | Volcano  | Gained Arkwar as an ally
 15378 | Volcano  | Found a burning altar of Makhleb.
 15458 | Lair:4   | Reached skill level 7 in Invocations
 16153 | Lair:4   | Identified Luef's Compendium of the Doomed Voyage
 16161 | Lair:4   | Learned a level 2 spell: Blink
 16171 | Lair:4   | Noticed Urug
 16175 | Lair:4   | Killed Urug
 16182 | Lair:4   | HP: 55/122 [eight-headed hydra (8)]
 16939 | Lair:4   | Found a staircase to the Swamp.
 16962 | Lair:4   | Reached skill level 10 in Armour
 16984 | Lair:4   | Reached skill level 10 in Shields
 18191 | Lair:5   | Found the brooch of Shielding {Reflect SH+8}
 18478 | Lair:6   | Entered Level 6 of the Lair of Beasts
 18557 | Lair:6   | Reached skill level 14 in Fighting
 18613 | Lair:6   | Found a staircase to the Slime Pits.
 19056 | Lair:6   | Reached skill level 11 in Armour
 19056 | Lair:6   | Reached skill level 11 in Shields
 19191 | Lair:6   | Reached XP level 14. HP: 128/133 MP: 19/19
 19536 | Lair:6   | HP: 50/133 [catoblepas (20)]
 19539 | Lair:6   | Reached ****** piety under Beogh
 19546 | Lair:6   | Noticed a dire elephant
 19551 | Lair:6   | Killed a dire elephant
 19551 | Lair:6   | Gained Hilgar as an ally
 20307 | Lair:3   | Reached skill level 15 in Fighting
 20418 | Lair:1   | Got a shimmering quarterstaff
 22485 | D:13     | Reached skill level 12 in Armour
 22562 | D:13     | Reached skill level 12 in Shields
 22615 | D:13     | Reached skill level 8 in Invocations
 22727 | D:13     | Gained Thorok as an ally
 23199 | D:13     | HP: 50/135 [white ugly thing (34)]
 23665 | Orc:1    | Entered Level 1 of the Orcish Mines
 23702 | Orc:2    | Entered Level 2 of the Orcish Mines
 24047 | D:14     | HP: 64/135 [troll (6)]
 24058 | D:14     | Reached skill level 9 in Invocations
 24362 | D:14     | Found a gate to the Vaults.
 24525 | D:14     | Reached XP level 15. HP: 78/143 MP: 21/21
 24899 | D:14     | Found Poesit's Armour Shop.
 25374 | D:15     | Entered Level 15 of the Dungeon
 25500 | D:15     | Reached skill level 16 in Fighting
 25563 | D:15     | Reached skill level 10 in Invocations
 25707 | D:15     | Paralysed by an orc sorcerer for 7 turns
 25718 | D:15     | Your ally Thorok died
 25739 | D:15     | Reached skill level 13 in Armour
 25739 | D:15     | Reached skill level 13 in Shields
 25748 | D:15     | HP: 66/144 [ettin/dire flail of holy wrath (26)]
 25751 | D:15     | Your ally Arkwar died
 26014 | D:15     | Found a staircase to the Depths.
 26869 | Orc:2    | Found a roughly hewn altar of Beogh.
 26911 | Orc:2    | Paralysed by an orc sorcerer for 4 turns
 26919 | Orc:2    | HP: 62/144 [orc knight/great mace (17)]
 27162 | Orc:2    | Found Ynkoh's General Store.
 27189 | Orc:2    | Found Pigy's Distillery.
 27213 | Orc:2    | Bought a potion of agility for 64 gold pieces
 27213 | Orc:2    | Bought a potion of heal wounds for 80 gold pieces
 27213 | Orc:2    | Bought a potion of haste for 160 gold pieces
 28364 | Swamp:1  | Entered Level 1 of the Swamp
 28820 | Swamp:1  | You fall through a shaft!
 28838 | Swamp:1  | Your ally Hilgar died
 29065 | Swamp:1  | Reached skill level 6 in Dodging
 29613 | Swamp:1  | Gained Argrim as an ally
 29736 | Swamp:2  | Your ally Argrim died
 29918 | Swamp:2  | Noticed Kirke
 29938 | Swamp:2  | Killed Kirke
 29943 | Swamp:2  | Reached XP level 16. HP: 147/152 MP: 23/23
 30089 | Swamp:2  | Gained Koronagh as an ally
 30410 | Swamp:2  | Learned a level 5 spell: Silence
 30763 | Swamp:3  | Gained Bogwik as an ally
 31830 | Swamp:4  | Entered Level 4 of the Swamp
 31966 | Spider:1 | Entered Level 1 of the Spider Nest
 31987 | Spider:1 | Reached skill level 17 in Fighting
 32004 | Spider:1 | Reached skill level 14 in Shields
 32009 | Spider:1 | Reached skill level 14 in Armour
 32013 | Spider:1 | Reached skill level 7 in Dodging
 32234 | Spider:1 | Your ally Bogwik died
 32352 | Spider:1 | Noticed Azrael
 32356 | Spider:1 | HP: 77/155 [hell hound/blast of flame[Azrael] (9)]
 32361 | Spider:1 | HP: 51/155 [Azrael/fireball (28)]
 32362 | Spider:1 | HP: 19/155 [Azrael/damnation (32)]
 32367 | Spider:1 | HP: 48/232 [burnt (4)]
 32370 | Spider:1 | Killed Azrael
 32372 | Spider:1 | HP: 43/232 [burnt (1)]
 32388 | Spider:1 | HP: 33/155 [jumping spider (2)]
 32389 | Spider:1 | Your ally Koronagh died
 32390 | Spider:1 | Quit the game

Vanquished Creatures
  Kirke (Swamp:2)
  A very ugly thing (Swamp:1)
  Azrael (Spider:1)
  2 two-headed ogres (Orc:2)
  A hydra (Lair:5)
  A catoblepas (Lair:6)
  4 centaur warriors
  2 alligators
  A death knight (D:14)
  2 death yaks (Lair:2)
  Urug (Lair:4)
  A deep elf knight (D:14)
  A tengu warrior (D:12)
  Sonja (Lair:2)
  2 swamp dragons
  An unseen horror (D:14)
  2 orc knights
  2 deep elf magi
  14 ugly things
  A wolf spider (Spider:1)
  Pikel (D:8)
  An orb spider (Spider:1)
  2 orc sorcerers
  3 cyclopes
  A black mamba (Lair:4)
  2 torpor snails
  A gargoyle (D:13)
  A smoke demon (Volcano)
  5 spiny frogs
  2 centaur skeletons
  3 rime drakes (Lair:3)
  3 komodo dragons
  A demonic crawler (Spider:1)
  2 freezing wraiths (D:14)
  A red devil (Volcano)
  4 trolls
  4 hornets
  A polar bear (Lair:6)
  4 tyrant leeches
  Grinder (D:4)
  6 hippogriffs
  6 slime creatures
  9 blink frogs
  9 redbacks
  A spriggan (Swamp:1)
  Sigmund (D:2)
  3 wyverns (Lair:6)
  3 shadows
  A vampire (D:12)
  2 wraiths
  3 hogs (Swamp:2)
  A basilisk (Lair:6)
  3 fire elementals (Spider:1)
  The ghost of MirrMurr the Ruffian, an amateur DrTm (D:3)
  10 fire bats (Volcano)
  3 steam dragons
  24 yaks
  A hungry ghost (D:8)
  3 vampire mosquitoes (Swamp:3)
  3 wargs (Orc:2)
  8 swamp worms
  9 water moccasins
  3 hell hounds
  5 sky beasts
  4 ice beasts
  5 orc warriors
  9 ogres
  A necrophage (D:10)
  25 wolves
  A boggart (D:14)
  10 centaurs
  3 crocodiles
  6 big kobolds
  9 bullfrogs
  A wyvern skeleton (D:10)
  3 killer bees (D:7)
  3 wights (D:11)
  2 electric eels
  2 crimson imps
  8 lava snakes (Volcano)
  A centaur zombie (D:11)
  A quasit (D:10)
  A bullfrog zombie (D:5)
  4 hounds
  5 jellies
  4 orc priests
  8 orc wizards
  5 bullfrog skeletons
  4 iguanas
  Ijyb (D:3)
  15 worker ants
  2 howler monkey zombies
  Robin (D:3)
  2 worker ant zombies (D:10)
  12 adders
  3 gnolls (D:10)
  2 shadow imps (D:7)
  An ooze (D:1)
  4 worms
  A dart slug (D:1)
  5 leopard geckos
  40 orcs
  3 giant cockroaches
  8 goblins
  17 hobgoblins
  17 jackals
  19 kobolds
  4 quokkas
  A ball python (D:2)
  10 bats
  2 frilled lizards (D:1)
  2 quokka skeletons
  9 rats
  2 fungi
  3 plants
514 creatures vanquished.

Vanquished Creatures (collateral kills)
  An orc warlord (Swamp:1)
  A very ugly thing (Swamp:1)
  An entropy weaver (Spider:1)
  A dire elephant (Lair:6)
  An ettin (D:15)
  3 hydras
  4 two-headed ogres
  An ogre mage (D:14)
  6 death yaks
  A tengu warrior (D:15)
  2 alligators
  7 spriggans
  An unseen horror (D:13)
  4 spriggan druids
  A deep elf archer (D:15)
  A lindwurm (Lair:6)
  2 orc knights
  An orb spider (Spider:1)
  4 deep elf magi
  8 wolf spiders
  22 ugly things
  4 manticores
  2 centaur zombies (D:13)
  2 cyclopes (D:14)
  A guardian serpent (Lair:6)
  2 elephants (Lair:6)
  10 black mambas
  2 torpor snails
  18 spiny frogs
  6 rime drakes
  4 yaktaurs (D:15)
  A demonic crawler (Spider:1)
  7 komodo dragons
  2 orc wizards
  3 trolls
  A polar bear (Lair:3)
  A tengu conjurer (D:15)
  2 tyrant leeches
  10 hornets
  7 jumping spiders (Spider:1)
  11 slime creatures
  9 blink frogs
  9 dream sheep (Lair:6)
  3 hippogriffs
  18 yaks
  14 redbacks
  5 tarantellas (Spider:1)
  7 wyverns
  2 fire elementals (Spider:1)
  4 vampire mosquitoes (D:15)
  6 steam dragons
  11 swamp worms
  A warg (Orc:2)
  11 water moccasins
  A hell hound (Spider:1)
  A porcupine (Lair:5)
  3 orc warriors (Orc:2)
  3 swamp drakes
  A sky beast (D:15)
  8 ogres
  A necrophage (D:13)
  4 centaurs
  4 wolves (Lair:1)
  6 crocodiles
  3 big kobolds (D:14)
  7 bullfrogs
  2 wights (D:11)
  2 electric eels
  2 crimson imps
  3 centaur skeletons
  A jelly (Swamp:1)
  2 orc priests
  2 hounds
  A bullfrog skeleton (D:12)
  An iguana (D:14)
  2 worker ants (D:14)
  A worker ant zombie (D:11)
  3 orcs
  A kobold (D:10)
  A bush (Lair:6)
  13 fungi
  18 plants
366 creatures vanquished.

Vanquished Creatures (others)
  7 orc knights
  An orc sorcerer (D:15)
  A cyclops (D:14)
  3 orc priests
  A yaktaur (D:15)
  12 orc warriors
  3 orc wizards
  3 slaves (D:8)
  A necrophage (D:8)
  4 centaurs
  A jelly (D:8)
  An iguana (D:5)
  A hound zombie (D:5)
  An adder (D:5)
  29 orcs
  11 fungi
  23 plants (Lair:6)
103 creatures vanquished.

Grand Total: 983 creatures vanquished
